 Dungeon Crawl Stone Soup version 0.31-a0-152-g6aa68a64a1 (webtiles) character file.

Game seed: 16327975300970852455

128 qw the Shooter (level 5, -4/49 HPs)
             Began as a Naga Hunter on June 10, 2023.
             Slain by an orc
             ... wielding a +0 trident
              (5 damage)
             ... on level 3 of the Dungeon.
             The game lasted 00:00:40 (1533 turns).

qw the Shooter (Naga Hunter)                        Turns: 1533, Time: 00:00:40

Health: -4/49      AC:  4    Str: 12 (13) XL:     5   Next: 12%
Magic:  5/5        EV:  9    Int:  9      God:
Gold:   189        SH:  0    Dex: 14 (17) Spells: 4/4 levels left

rFire   . . .        g - +0 shortbow (heavy)
rCold   . . .        (shield currently unavailable)
rNeg    . . .        c - +0 leather armour
rPois   +            (no helmet)
rElec   .            (no cloak)
rCorr   .            d - +0 pair of gloves
SInv    +            (no barding)
Will    .....        i - amulet of the acrobat
Stlth   ++           (no ring)
HPRegen 0.28/turn    (no ring)
MPRegen 0.09/turn

%: acrobat
@: short of breath, very slow
A: AC +1, large, see invisible, deformed body, poison resistance, slowness 2,
spit poison 1, naga tail 1
a: Spit Poison


You were on level 3 of the Dungeon.
You visited 1 branch of the dungeon, and saw 3 of its levels.

You collected 189 gold pieces.


Innate Abilities, Weirdness & Mutations

Your serpentine skin is tough. (AC +1)
You have supernaturally acute eyesight. (SInv)
Armour fits poorly on your strangely shaped body.
Your system is resistant to poisons. (rPois)
You cover ground very slowly.
You can spit poison.
You have a snake-like lower body.


   Skills:
 - Level 3.1 Fighting
 + Level 5.2 Ranged Weapons
 - Level 1.5 Dodging
 - Level 1.5 Stealth


You had 4 spell levels left.
You didn't know any spells.
Your spell library was empty.

Inventory:

Hand Weapons
 g - a +0 heavy shortbow (weapon)
Armour
 c - a +0 leather armour (worn)
 d - a +0 pair of gloves (worn)
Jewellery
 i - an amulet of the acrobat (around neck)
Wands
 e - a wand of digging (5)
Scrolls
 b - a scroll of fear {unknown}
 h - a scroll of identify
Potions
 a - a potion of resistance
 n - a potion of might {unknown}

Dungeon Overview and Level Annotations

Branches:
Dungeon (3/15)

Altars:


Message History

You shoot an arrow. The arrow barely misses the orc.
The orc barely misses you. x2
The orc hits you from afar with a +0 trident.
You shoot an arrow. The arrow hits the orc.
The orc is almost dead.
You have got your breath back.
The orc closely misses you.
The orc hits you from afar with a +0 trident. x2
The orc hits you from afar with a +0 trident!
The orc barely misses you.
1528 ||| INVOKING Spit Poison.
Aiming: Spit Poison (1% risk of failure)
Press: ? - help, Shift-Dir - straight line, f - orc, p - orc The splash of poison misses the orc.
The orc hits you from afar with a +0 trident.
The orc hits you with a +0 flail. The orc barely misses you.
You shoot an arrow. The arrow closely misses the orc.
The orc hits you from afar with a +0 trident.
The orc hits you with a +0 flail.
The orc hits you from afar with a +0 trident.
You shoot an arrow. The arrow hits the orc!
You kill the orc!
The orc hits you from afar with a +0 trident.
The orc barely misses you. x2; The orc closely misses you.
You shoot an arrow. The arrow hits the orc.
You kill the orc!
You have got your breath back.
The orc hits you from afar with a +0 trident.
The orc hits you from afar with a +0 trident!
1532 ||| INVOKING Spit Poison.
Aiming: Spit Poison (1% risk of failure)
Press: ? - help, Shift-Dir - straight line, f - quokka The splash of poison misses the quokka.
The orc hits you from afar with a +0 trident.
The quokka bites you but does no damage.
You shoot an arrow. The arrow hits the quokka.
The quokka is severely wounded.
The quokka bites you.
The orc hits you from afar with a +0 trident.
You die...

.......#.. .
.....).............# ..
.)..........[.....%# #.
......#...........# +..
..%..............#
#...##)o..............#
#...r)..............#
#.##@................
.#....<...........).##
......................##
#...............[.......
#.................<.....
.....................###
.................%.....#
................).......
###....................


You could see an orc and a quokka.

Vanquished Creatures
  Jessica (D:2)
  3 adders
  A worm (D:2)
  A dart slug (D:1)
  4 orcs (D:3)
  5 bats
  5 endoplasms
  2 giant cockroaches (D:1)
  5 goblins
  5 hobgoblins
  5 jackals (D:2)
  3 quokkas
  4 ball pythons (D:1)
  6 frilled lizards
  7 kobolds
  6 rats
63 creatures vanquished.

Notes
Turn   | Place    | Note
-------+----------+-------------------------------------------
     0 | D:1      | qw the Naga Hunter began the quest for the Orb.
     0 | D:1      | Reached XP level 1. HP: 19/19 MP: 1/1
     0 | D:1      | 0 ||| qw: Version: 0.2-a-123-gb51047a
     0 | D:1      | 0 ||| qw: Game counter: 3776
     0 | D:1      | 0 ||| qw: Always use a shield: true
     0 | D:1      | 0 ||| qw: God list: Okawaru
     0 | D:1      | 0 ||| qw: Allow faded altars: false
     0 | D:1      | 0 ||| qw: Do Orc after D:15 true
     0 | D:1      | 0 ||| qw: Do second Lair branch before Depths: true
     0 | D:1      | 0 ||| qw: Lair rune preference: random
     0 | D:1      | 0 ||| qw: Plans: Normal
     0 | D:1      | 0 ||| PLANNING D:1-11
    21 | D:1      | 21 ||| INVOKING Spit Poison.
    22 | D:1      | 22 ||| INVOKING Spit Poison.
    27 | D:1      | 27 ||| INVOKING Spit Poison.
    31 | D:1      | 31 ||| INVOKING Spit Poison.
    74 | D:1      | 74 ||| INVOKING Spit Poison.
    75 | D:1      | Reached skill level 4 in Ranged Weapons
    75 | D:1      | Reached XP level 2. HP: 26/26 MP: 2/2
   111 | D:1      | 111 ||| INVOKING Spit Poison.
   117 | D:1      | 117 ||| INVOKING Spit Poison.
   122 | D:1      | 122 ||| INVOKING Spit Poison.
   139 | D:1      | 139 ||| INVOKING Spit Poison.
   282 | D:1      | 282 ||| INVOKING Spit Poison.
   307 | D:1      | Reached XP level 3. HP: 32/32 MP: 3/3
   311 | D:1      | 311 ||| INVOKING Spit Poison.
   340 | D:1      | 340 ||| INVOKING Spit Poison.
   377 | D:1      | 377 ||| INVOKING Spit Poison.
   442 | D:1      | 442 ||| INVOKING Spit Poison.
   667 | D:1      | 667 ||| UPGRADING to +0 pair of gloves.
   672 | D:1      | 672 ||| UPGRADING to amulet of the acrobat.
   677 | D:1      | 677 ||| READING scroll labelled YVUROO PAVONU.
   678 | D:1      | 678 ||| READING 4 scrolls labelled OFEYLO XOFUMN.
   679 | D:1      | 679 ||| READING 2 scrolls labelled WEHIJA CEUSIOQ.
   738 | D:1      | 738 ||| READING scroll labelled POSUSAISIS.
   739 | D:1      | 739 ||| READING scroll labelled HOKI EXEOMUTAU.
   740 | D:1      | 740 ||| DRINKING 2 brown potions.
   741 | D:1      | 741 ||| READING 3 scrolls of identify.
   741 | D:1      | 741 ||| IDENTIFYING golden potion
   742 | D:1      | 742 ||| READING 2 scrolls of identify.
   742 | D:1      | 742 ||| IDENTIFYING metallic golden potion
   743 | D:1      | 743 ||| DROPPING scroll of butterflies.
   744 | D:1      | 744 ||| DROPPING potion of attraction.
   745 | D:1      | 745 ||| DROPPING potion of berserk rage.
   746 | D:1      | 746 ||| DROPPING scroll of torment.
   747 | D:1      | 747 ||| DROPPING potion of degeneration.
   780 | D:2      | 780 ||| INVOKING Spit Poison.
   784 | D:2      | 784 ||| INVOKING Spit Poison.
   838 | D:2      | 838 ||| INVOKING Spit Poison.
   841 | D:2      | 841 ||| INVOKING Spit Poison.
   845 | D:2      | 845 ||| INVOKING Spit Poison.
   848 | D:2      | 848 ||| INVOKING Spit Poison.
   849 | D:2      | 849 ||| FLEEEEING.
   850 | D:2      | 850 ||| FLEEEEING.
   851 | D:2      | 851 ||| FLEEEEING.
   852 | D:2      | 852 ||| FLEEEEING.
   853 | D:2      | 853 ||| FLEEEEING.
   854 | D:2      | 854 ||| STAIRDANCE
   875 | D:2      | 875 ||| INVOKING Spit Poison.
   891 | D:2      | 891 ||| INVOKING Spit Poison.
   895 | D:2      | Reached skill level 5 in Ranged Weapons
   895 | D:2      | 895 ||| INVOKING Spit Poison.
   897 | D:2      | Reached XP level 4. HP: 39/39 MP: 4/4
   898 | D:2      | 898 ||| INVOKING Spit Poison.
   963 | D:2      | 963 ||| INVOKING Spit Poison.
   975 | D:2      | 975 ||| INVOKING Spit Poison.
  1029 | D:2      | 1029 ||| INVOKING Spit Poison.
  1093 | D:2      | 1093 ||| INVOKING Spit Poison.
  1222 | D:2      | 1222 ||| INVOKING Spit Poison.
  1268 | D:2      | 1268 ||| INVOKING Spit Poison.
  1271 | D:2      | 1271 ||| INVOKING Spit Poison.
  1314 | D:2      | Noticed Jessica
  1315 | D:2      | 1315 ||| INVOKING Spit Poison.
  1315 | D:2      | Killed Jessica
  1316 | D:2      | Reached skill level 3 in Fighting
  1423 | D:2      | 1423 ||| READING 3 scrolls of identify.
  1423 | D:2      | 1423 ||| IDENTIFYING cyan potion
  1424 | D:2      | 1424 ||| READING 2 scrolls of identify.
  1424 | D:2      | 1424 ||| IDENTIFYING fizzy golden potion
  1425 | D:2      | 1425 ||| DROPPING potion of enlightenment.
  1459 | D:3      | 1459 ||| INVOKING Spit Poison.
  1520 | D:3      | 1520 ||| INVOKING Spit Poison.
  1522 | D:3      | Reached XP level 5. HP: 49/49 MP: 5/5
  1524 | D:3      | 1524 ||| INVOKING Spit Poison.
  1528 | D:3      | 1528 ||| INVOKING Spit Poison.
  1530 | D:3      | HP: 12/49 [orc/+0 trident (6)]
  1531 | D:3      | HP: 3/49 [orc/+0 trident (7)]
  1532 | D:3      | 1532 ||| INVOKING Spit Poison.
  1532 | D:3      | HP: 1/49 [orc/+0 trident (2)]
  1533 | D:3      | Slain by an orc

Levels and vault maps discovered:
D:1:      heliophobic_arrival_battle_scene, layout_basic, minmay_small_reverse_x
D:2:      layout_loops_ring, uniq_jessica
D:3:      layout_basic, serial_curves, eino_curves_04, eino_curves_03

Skill      XL: |  1  2  3  4 |
---------------+-------------+-----
Ranged Weapons | 4 5 |  5.2
Fighting       | 3 |  3.1
Dodging        | |  1.5
Stealth        | |  1.5

Action                     |  1- 3 |  4- 6 || total
---------------------------+-------+-------++-------
   Fire: Shortbow          |    61 |    28 ||    89
Ability: Spit Poison       |    22 |    14 ||    36
    Use: Scroll            |     7 |     2 ||     9
         Potion            |     1 |       ||     1
 Armour: Leather armour    |    15 |     3 ||    18
  Dodge: Dodged            |    10 |    12 ||    22

Table legend:
 A = Non-vault XP
 B = Vault XP
 C = Vault XP percentage of total XP
 D = Non-vault monster count
 E = Vault monster count
 F = Vault count percentage of total count
                 A         B        C        D         E       F
            +---------+---------+-------+---------+---------+-------
      Total |     139 |      45 |  24.5 |      58 |       5 |   7.9
            +---------+---------+-------+---------+---------+-------
        D:1 |      41 |       8 |  16.3 |      25 |       4 |  13.8
        D:2 |      67 |      37 |  35.6 |      25 |       1 |   3.8
        D:3 |      31 |       0 |   0.0 |       8 |       0 |   0.0
            +---------+---------+-------+---------+---------+-------
